AoeStats
← Horizon

Four Lakes

507719653Analyzed
1v1 RM · 13d ago on Sep 19, 2026· 24m 11s· 2 players
Game mode
Random Map
Map size
Tiny (2 player)
Population
200
Speed
Normal
Resources
Standard
Victory
Conquest
Starting age
Dark Age
Ending age
Imperial Age
RankedLock teamsTeams togetherTeam positionsShared explorationLock speedFull tech treeHidden civsTurbo modeCheats
Victory
Defeat
🇨🇴 Bulgarians · Colombia
1494
+16
🇵🇰 Malians · Pakistan
1493
-16
Horizon
6:57 Loom
9:48 Feudal Age
13:59 Town Watch
17:35 Double-Bit Axe
19:59 Castle Age
20:51 Medium Warships
jose.sarquez
6:45 Loom
9:20 Feudal Age
9:49 Double-Bit Axe
11:13 Arson
13:50 Fishing Lines
15:51 Fishing Lines
19:19 Castle Age
19:56 Fletching
20:24 Bow Saw
20:19 Bodkin Arrow
21:40 Demolition Ship
23:08 Padded Archer Armor
Connection lost

Rejoining the realm…

Still unreachable

The connection could not be restored.

Session expired

The server has moved on; the page needs a fresh start.